 Dungeon Crawl Stone Soup version 0.20.1-1-g8b1a95d (webtiles) character file.

65 Peloso the Slasher (level 3, -4/34 HPs)
             Began as a Minotaur Chaos Knight on July 29, 2017.
             Slain by a wyvern (9 damage)
             ... on level 3 of the Dungeon.
             The game lasted 00:04:46 (1623 turns).

Peloso the Slasher (Minotaur Chaos Knight)          Turns: 1623, Time: 00:04:50

Health: -4/34      AC:  9    Str: 17    XL:     3   Next: 94%
Magic:  2/2        EV:  6    Int:  9    God:    Xom [.....*]
Gold:   90         SH:  0    Dex:  9    Spells: 2/2 levels left

rFire    . . .     SeeInvis .   a - +1 falchion (chaos)
rCold    + . .     Gourm    .   (no shield)
rNeg     . . .     Faith    .   m - +0 chain mail
rPois    .         Spirit   .   (helmet restricted)
rElec    .         Reflect  .   (no cloak)
rCorr    .         Harm     .   (no gloves)
MR       .....                  i - +0 pair of boots
Stlth    ..........             (no amulet)
Regen    0.2/turn               b - ring of protection from cold
MPRegen  0.1/turn               (no ring)

@: heavily drained
A: retaliatory headbutt, horns 2
a: Renounce Religion


You were on level 3 of the Dungeon.
You worshipped Xom.
You were Xom's teddy bear.
You were not hungry.

You visited 1 branch of the dungeon, and saw 3 of its levels.

You collected 90 gold pieces.

Inventory:

Hand Weapons
 a - a +1 falchion of chaos (weapon)
Armour
 i - a +0 pair of boots (worn)
 m - a +0 chain mail (worn)
Jewellery
 b - a ring of protection from cold (left hand)
 g - an uncursed amulet of harm
Scrolls
 d - a scroll of enchant weapon
 e - 2 scrolls of blinking
 k - a scroll of recharging {unknown}
 l - 3 scrolls of teleportation {unknown}
 n - a scroll of noise {unknown}
 p - a scroll of identify {unknown}
Potions
 j - a potion of haste
Comestibles
 c - 3 bread rations
 f - 3 chunks of flesh
 h - 2 meat rations
 o - 3 fruits


   Skills:
 + Level 4.5(3.1) Fighting
 + Level 4.7(3.2) Long Blades
 + Level 2.8(1.5) Armour
 + Level 1.2(0.0) Dodging
 + Level 0.5(0.0) Stealth


You had 2 spell levels left.
You didn't know any spells.

Dungeon Overview and Level Annotations

Branches:
Dungeon (3/15)

Altars:
Dithmenos
Hepliaklqana
Nemelex Xobeh
Trog


Innate Abilities, Weirdness & Mutations

You reflexively headbutt those who attack you in melee.
You have a pair of horns on your head.


Message History

The ice beast is heavily wounded.
The ice beast barely misses you.
You riposte.
You closely miss the ice beast. Your headbutt misses the ice beast.
The ice beast is heavily wounded.
You hit the ice beast. You headbutt the ice beast.
The ice beast is almost dead.
The ice beast hits you but does no damage.
You hit the ice beast but do no damage.
The ice beast is almost dead. "This might be better!"
The ice beast evaporates and reforms as a wyvern!
The wyvern bites you!
* * * LOW HITPOINT WARNING * * *
You hit the wyvern. Your headbutt misses the wyvern.
The wyvern is heavily wounded.
The wyvern bites you.
* * * LOW HITPOINT WARNING * * *
The wyvern bites you!
You die...
Xom roars with laughter!

##########.###.########
#.# #.##.......... ..#
#.##..######## ###
###.##..#####
#....[......#
#.....##..###.#
#.#.####..# # # #.
#...###.##### #.
#....@l...... #
#...###.##### ###.# #
#.# #.# ... #.. #...


You could see a wyvern.

Vanquished Creatures
  An adder (D:3)
  A worm (D:2)
  A dart slug (D:3)
  3 leopard geckos
  An orc (D:3)
  4 giant cockroaches
  7 hobgoblins
  3 jackals (D:2)
  2 quokkas (D:2)
  5 bats
  2 frilled lizards (D:1)
  5 goblins
  A jackal skeleton (D:3)
  4 kobolds
  4 rats
44 creatures vanquished.

Vanquished Creatures (others)
  A plant (D:1)
1 creature vanquished.

Grand Total: 45 creatures vanquished

Notes
Turn   | Place    | Note
-------+----------+-------------------------------------------
     0 | D:1      | Peloso the Minotaur Chaos Knight began the quest for the Orb.
     0 | D:1      | Reached XP level 1. HP: 19/19 MP: 0/0
   115 | D:1      | XOM is BORED!
   115 | D:1      | XOM: silly message
   220 | D:1      | XOM: 4-stop teleportation journey
   276 | D:1      | XOM is BORED!
   286 | D:1      | Reached XP level 2. HP: 27/27 MP: 1/1
   299 | D:1      | XOM: 1-stop teleportation journey
   978 | D:2      | XOM: silly message
  1009 | D:2      | Reached XP level 3. HP: 26/34 MP: 2/2
  1515 | D:3      | Found a bloodstained altar of Trog.
  1519 | D:3      | Found a shadowy altar of Dithmenos.
  1522 | D:3      | Found a sparkling altar of Nemelex Xobeh.
  1522 | D:3      | Found a hazy altar of Hepliaklqana.
  1612 | D:3      | Noticed an ice beast
  1622 | D:3      | Noticed a wyvern
  1622 | D:3      | an ice beast changed into a wyvern
  1622 | D:3      | XOM: polymorph ice beast -> wyvern
  1623 | D:3      | Slain by a wyvern

Skill      XL: |  1  2 |
---------------+-------+-----
Long Blades    | 4 |  4.7
Fighting       | 4 |  4.5
Armour         | |  2.8
Dodging        | |  1.2
Stealth        | |  0.5

Action                   || total
-------------------------++-------
Melee: Falchion          ||   130
       Headbutt          ||    18
  Use: Potion            ||     6
       Scroll            ||     3
 Stab: Petrified         ||     2
       Paralysed         ||     3
  Eat: Chunk             ||     2
Armor: Leather armour    ||    28
       Chain mail        ||    41
Dodge: Dodged            ||    57
       Rpst.: Falchion   ||    19
